 Dungeon Crawl Stone Soup version 0.31.0-32-g396128a36d (webtiles) character file.

Game seed: 2203789176491067321

1570 Alphaeus the Ruffian (level 8, -15/117 HPs)
             Began as a Troll Shapeshifter on Mar 21, 2024.
             Was a Follower of the Shining One.
             Engulfed by a cloud of flame (22 damage)
             ... on level 6 of the Dungeon.
             The game lasted 00:07:25 (3393 turns).

Alphaeus the Ruffian (Troll Shapeshifter)           Turns: 3393, Time: 00:07:25

Health: -15/117    AC: 24    Str: 23    XL:     8   Next: 59%
Magic:  7/7        EV:  1    Int:  8    God:    the Shining One [*.....]
Gold:   281        SH:  0    Dex:  9    Spells: 7/7 levels left

rFire   . .          .
                       - Unarmed
rCold   . . .        (no shield)
rNeg    . . .        C - melded +0 steam dragon scales
rPois   +            (helmet currently unavailable)
rElec   .            (cloak currently unavailable)
rCorr   .            (gloves unavailable)
SInv    .            (boots unavailable)
Will    .....        (no amulet)
Stlth   +            f - ring of flight
HPRegen 1.19/turn    (no ring)
MPRegen 0.10/turn

%: no passive effects
@: tree-form, weak-willed, attractive, glowing
A: stationary, stasis, torment immunity, boosted hp, large, unfitting armour,
(claws 3), regeneration 1, (shaggy fur 1), (tough skin 1)
a: Renounce Religion, Divine Shield


You were on level 6 of the Dungeon.
You worshipped the Shining One.
The Shining One was aware of your devotion.
You were a tree.
You visited 2 branches of the dungeon, and saw 7 of its levels.
You also visited: Sewer.

You collected 281 gold pieces.

Inventory:

Armour
 a - a +0 animal skin
 C - +0 steam dragon scales (melded)
Jewellery
 f - a ring of flight (left branch)
 p - an amulet of guardian spirit
 r - an amulet of magic regeneration
 u - a ring of protection from cold
 z - a ring of willpower
Talismans
 c - a beast talisman
 d - a flux talisman
Scrolls
 e - 2 scrolls of immolation
 h - a scroll of amnesia
 l - 3 scrolls of identify
 m - 3 scrolls of poison {unknown}
 n - 2 scrolls of fog {unknown}
 q - 2 scrolls of revelation {unknown}
 s - 3 scrolls of teleportation {unknown}
 v - a scroll of fear {unknown}
 w - a scroll of enchant armour {unknown}
 y - 2 scrolls of butterflies {unknown}
 A - a scroll of silence {unknown}
Potions
 b - a potion of lignification
 i - a potion of attraction
 k - a potion of invisibility {unknown}
 o - 2 potions of curing
 t - a potion of magic {unknown}
 x - 2 potions of enlightenment
 B - a potion of experience {unknown}
 D - a potion of mutation {unknown}
 E - a potion of berserk rage {unknown}


   Skills:
 + Level 3.9 Fighting
 - Level 1.5 Dodging
 * Level 7.5 Unarmed Combat
 * Level 7.0 Shapeshifting


You had 7 spell levels left.
You didn't know any spells.
Your spell library contained the following spells:

 Spells                   Type           Power      Damage    Failure   Level
 Freeze                   Ice            0%         1d3       41%         1
 Scorch                   Fire           0%         2d5       54%         2
 Frozen Ramparts          Ice            0%         1d1       78%         3
 Hailstorm                Conj/Ice       0%         3d5       78%         3
 Flame Wave               Conj/Fire      0%         2d4       99%         4
 Summon Cactus Giant      Summ           0%         N/A       100%        6


Dungeon Overview and Level Annotations

Branches:
Dungeon (6/15)             Temple (1/1) D:4           Sewer (visited)

Altars:
Ashenzari
Elyvilon
Gozag
Nemelex Xobeh
Okawaru
Ru
Sif Muna
Trog
Vehumet
Wu Jian
The Shining One


Innate Abilities, Weirdness & Mutations

You are a tree.
Your roots penetrate the ground, keeping you stationary.
You cannot be teleported.
You are immune to unholy pain and torment.
Your maximum health is greatly increased.
Your equipment is partially melded.
You are too large for most types of armour.
((You have claws for hands.))
Your natural rate of healing is unusually fast.
((You are covered in fur. (AC +1)))
((You have tough skin. (AC +1)))


Message History

You aren't carrying any items that you can evoke.
As you read the scroll labelled VOADIRPH VIPOTARIT, it crumbles to dust.
The creatures around you are filled with an inner flame!
It was a scroll of immolation.
The orc warrior completely misses you.
As you read the scroll labelled YTHRID GYEBLAMM, it crumbles to dust.
It is a scroll of amnesia.
You feel forgetful for a moment.
The orc warrior hits you from afar with a +0 halberd!
* * * LOW HITPOINT WARNING * * *
As you read the scroll labelled KOQ GO NOGEA, it crumbles to dust.
A wave of despondency washes over your surroundings.
It was a scroll of vulnerability.
The orc warrior hits you but does no damage.
As you read the scroll labelled EWODYC PAVVE, it crumbles to dust.
It is a scroll of identify.
o - 3 potions of curing The orc warrior hits you from afar with a +0 halberd.
* * * LOW HITPOINT WARNING * * *
You feel much better.
The orc warrior hits you but does no damage.
Okay, then.
It was a potion of attraction.
You feel attractive to monsters.
The orc warrior hits you from afar with a +0 halberd!
* * * LOW HITPOINT WARNING * * *
The orc warrior is attracted toward you.
You barely miss the orc warrior.
The orc warrior hits you but does no damage.
You hit the orc warrior.
Flame seeps out of the orc warrior.
The orc warrior is moderately wounded.
The orc warrior is engulfed in blazing flames.
Flame seeps out of the orc warrior.
The orc warrior hits you but does no damage.
The orc warrior is engulfed in blazing flames.
The orc warrior explodes!
The fiery explosion engulfs you!!!
* * * LOW HITPOINT WARNING * * *
Your Shapeshifting skill increases to level 7!
You feel better.
You are engulfed in blazing flames.
You die...

#.....#................
#....###.##.##.........
###.#
##....##.#........ ##
#.....####........
##...#####..#.....#
##....###....##....#
#......##...###.....
##.........##§§.....
##>........♣°§.....
#####.....#§§.....
#.#...........
#####.........
####...... #.#... .##.#
.. ..


There were no monsters in sight!

Vanquished Creatures
  A steam dragon (D:5)
  A water moccasin (D:3)
  An ice beast (D:5)
  An orc warrior (D:6)
  An ogre (D:5)
  3 phantoms
  A brain worm (Sewer)
  A scorpion (D:5)
  2 bombardier beetles (D:5)
  2 hounds
  2 jellies (D:5)
  4 orc priests
  An iguana (D:5)
  4 orc wizards
  A sleepcap (D:6)
  6 river rats
  8 adders
  4 dart slugs
  3 ribbon worms
  19 orcs
  6 endoplasms
  5 giant cockroaches
  8 goblins
  8 hobgoblins
  4 jackals
  6 kobolds
  8 quokkas
  13 ball pythons
  7 bats
  5 frilled lizards
  9 rats
145 creatures vanquished.

Vanquished Creatures (others)
  A jackal (D:5)
1 creature vanquished.

Grand Total: 146 creatures vanquished

Notes
Turn   | Place    | Note
-------+----------+-------------------------------------------
     0 | D:1      | Alphaeus the Troll Shapeshifter began the quest for the
                  | Orb.
     0 | D:1      | Reached XP level 1. HP: 18/18 MP: 0/0
   131 | D:1      | Found a faded altar of an unknown god.
   198 | D:1      | Reached skill level 1 in Fighting
   202 | D:1      | Reached XP level 2. HP: 27/27 MP: 1/1
   533 | D:2      | Reached XP level 3. HP: 33/33 MP: 2/2
   625 | D:2      | Found a shimmering blue altar of Sif Muna.
   876 | D:2      | Reached XP level 4. HP: 41/41 MP: 3/3
   973 | D:3      | Noticed a water moccasin
   981 | D:3      | Killed a water moccasin
   982 | D:3      | Reached XP level 5. HP: 32/49 MP: 4/4
  1278 | D:3      | Found a glowing drain.
  1282 | Sewer    | Entered a sewer
  1455 | Sewer    | Reached XP level 6. HP: 48/57 MP: 5/5
  1492 | Sewer    | Reached skill level 5 in Unarmed Combat
  2264 | D:4      | Found a staircase to the Ecumenical Temple.
  2274 | Temple   | Entered the Ecumenical Temple
  2282 | Temple   | Became a worshipper of the Shining One
  2417 | D:4      | Found a sparkling altar of Nemelex Xobeh.
  2453 | D:4      | Found an iron altar of Okawaru.
  2498 | D:4      | Reached skill level 5 in Shapeshifting
  2737 | D:5      | Entered Level 5 of the Dungeon
  2773 | D:5      | Reached XP level 7. HP: 66/66 MP: 6/6
  2969 | D:5      | Noticed a steam dragon
  2979 | D:5      | Reached XP level 8. HP: 52/75 MP: 7/7
  3338 | D:6      | Reached * piety under the Shining One
  3392 | D:6      | HP: 2/117 [spore (37)]
  3393 | D:6      | Engulfed by a cloud of flame

Illustrated notes

Levels and vault maps discovered:
D:1:      ncdulo_wetmaze, layout_basic, basic_ecumenical_altar,
          minmay_pentomino_t2
D:2:      kb_forest_paths, layout_rooms, basic_altar
D:3:      layout_basic, gup_sewer_entry_bowl
D:4:      layout_cave_pools, okawaru_trees_1, nemelex_dance_club_becter,
          minmay_temple_entry_tees
D:5:      layout_cave_pools, serial_column_ruins, column_ruins_columns_dead_end,
          column_ruins_grid_4, column_ruins_columns_plus,
          column_ruins_columns_plus, amethyst_killhole
D:6:      layout_cave_pools, cheibriados_altar_1,
          lemuel_zombie_altar_yredelemnul, uniq_prince_ribbit1, uniq_maggie
Temple:   hellmonk_temple_micro_hex

Skill      XL: |  1  2  3  4  5  6  7  8 |
---------------+-------------------------+-----
Fighting       | 1 2 3 |  3.9
Unarmed Combat | 4 5 6 7 |  7.5
Shapeshifting  | 4 5 6 7 |  7.0
Dodging        | |  1.5

Action                     |  1- 3 |  4- 6 |  7- 9 || total
---------------------------+-------+-------+-------++-------
  Melee: Unarmed           |    74 |   165 |    81 ||   320
         Punch             |     1 |     4 |     1 ||     6
    Use: Potion            |       |       |     5 ||     5
         Scroll            |       |       |     4 ||     4
 Armour: Animal skin       |    36 |    98 |    29 ||   163
         Skin              |       |       |    57 ||    57
         Steam dragon scal |       |       |    27 ||    27
  Dodge: Dodged            |    30 |    81 |    40 ||   151
